 Dungeon Crawl Stone Soup version 0.32-a0-872-g59262bdc9b (webtiles) character file.

Game seed: 1112783766296453026

3 Adrian566 the Sneak (level 1, -3/14 HPs)
             Began as an Octopode Brigand on Mar 30, 2024.
             Slain by a quokka (4 damage)
             ... on level 1 of the Dungeon.
             The game lasted 00:00:07 (26 turns).

Adrian566 the Sneak (Octopode Brigand)                Turns: 26, Time: 00:00:08

Health: -3/14      AC:  1    Str: 10    XL:     1   Next: 50%
Magic:  1/1        EV: 11    Int: 13    God:
Gold:   0          SH:  0    Dex: 13    Spells: 0/0 levels left

rFire   . . .        a - +2 dagger
rCold   . . .        (no shield)
rNeg    . . .        (helmet restricted)
rPois   .            (no amulet)
rElec   .            (no ring)
rCorr   .            (no ring)
SInv    .            (no ring)
Will    .....        (no ring)
Stlth   ++++         (no ring)
HPRegen 0.22/turn    (no ring)
MPRegen 0.07/turn    (no ring)
                     (no ring)

%: no passive effects
@: no status effects
A: almost no armour, amphibious, 8 rings, camouflage 1, gelatinous body 1,
(nimble swimmer 1), tentacles
a: no special abilities


You were on level 1 of the Dungeon.
You visited 1 branch of the dungeon, and saw 1 of its levels.

Inventory:

Hand Weapons
 a - a +2 dagger (weapon)
Missiles
 b - 9 poisoned darts (quivered)
 c - 3 curare-tipped darts
Armour
 d - a +0 cloak


   Skills:
 + Level 2.0 Fighting
 + Level 2.0 Short Blades
 + Level 2.0 Throwing
 + Level 1.0 Dodging
 + Level 5.6 Stealth


You couldn't memorise any spells.
You didn't know any spells.
Your spell library was empty.

Dungeon Overview and Level Annotations

Branches:
Dungeon (1/15)

Altars:


Innate Abilities, Weirdness & Mutations

You cannot wear most types of armour.
You are amphibious.
You can wear up to eight rings at the same time.
Your skin changes colour to match your surroundings (Stealth+).
Your rubbery body absorbs attacks. (AC +1, EV +1)
((You are camouflaged when in or above water. (Stealth+)))
You have tentacles for arms and can constrict up to eight enemies at once.


Message History

You hit the goblin.
You kill the goblin!
The bat hits you but does no damage. The bat hits you but does no damage.
A jackal comes into view.
You see here a +0 dagger.
You closely miss the jackal. You grab the jackal. You squeeze the jackal.
You kill the jackal!
The bat hits you but does no damage. The ball python closely misses you.
The ball python barely misses you.
An endoplasm comes into view.
The bat hits you.
You miss the bat. You grab the bat. You squeeze the bat.
The bat is moderately wounded.
You constrict the bat.
You kill the bat!
The ball python misses you. The ball python closely misses you.
The kobold throws a stone.
The stone hits you. The quokka bites you.
The ball python completely misses you. The ball python closely misses you.
The quokka bites you.
The ball python attacks as it pursues you!
The ball python closely misses you. The ball python barely misses you.
The ball python attacks as it pursues you!
The ball python closely misses you. The ball python grabs you.
The ball python constricts you.
You see here a +0 sling.
The ball python's grasp on you weakens, but your attempt to escape fails.
The quokka bites you.
* * * LOW HITPOINT WARNING * * *
The ball python bites you.
* * * LOW HITPOINT WARNING * * *
The ball python constricts you.
* * * LOW HITPOINT WARNING * * *
You escape the ball python's grasp.
The quokka bites you.
* * * LOW HITPOINT WARNING * * *
You aren't carrying any potions.
The quokka attacks as it pursues you! The quokka closely misses you.
You hit the quokka but do no damage. You grab the quokka.
You constrict the quokka. The quokka bites you.
You die...

.......#.......#.# ..#
#.....#...#...#..# ....
#...#...#...#...#.#...# .
#.#...#...#....#.....###.
[..#...#.#.#.....#..#..#...
#...#...#...#..##......##
#.<...#.#...#.........
#.#.....#....rh........
#...#...#....@#.........
##.....##.....#S).......
..#...#..#....#.K.......
....#.#....#...#.).......
......#......#..#.†..J....
.....# #......#.#......#.#
.......##......... ######
#..##..... .... .#...


You could see a quokka and a jackal.

Vanquished Creatures
  A goblin (D:1)
  A jackal (D:1)
  A bat (D:1)
3 creatures vanquished.

Notes
Turn   | Place    | Note
-------+----------+-------------------------------------------
     0 | D:1      | Adrian566 the Octopode Brigand began the quest for the Orb.
     0 | D:1      | Reached XP level 1. HP: 14/14 MP: 1/1
    26 | D:1      | Slain by a quokka

Illustrated notes

Levels and vault maps discovered:
D:1:      matt_arrival_diagonals, layout_rooms

Action                     || total
---------------------------++-------
  Melee: Dagger            ||     5
         Constrict         ||     3
         Tentacles         ||     2
 Armour: Skin              ||    14
  Dodge: Dodged            ||    10

Table legend: (Time is in decaauts)
 A = Elapsed time spent in this place.
 B = Non-inter-level travel time spent in this place.
 C = Inter-level travel time spent in this place.
 D = Time resting spent in this place.
 E = Time spent auto-exploring this place.
 F = Levels seen in this place.
 G = Mean time per level.
                   A        B        C        D        E       F      G
               +--------+--------+--------+--------+--------+-----+--------+
         Total |     25 |     25 |      0 |      0 |      6 |   1 |   25.0 |
       Dungeon |     25 |     25 |      0 |      0 |      6 |   1 |   25.0 |
               +--------+--------+--------+--------+--------+-----+--------+

Top non-repeatable levels by time:
     D:1: 25 daAuts
